 Dungeon Crawl Stone Soup version 0.21.1-1-g345015f (webtiles) character file.

34 EggBaby the Magician (level 3, 0/25 HPs)
             Began as a Mummy Wizard on June 13, 2018.
             Slain by an adder (5 damage)
             ... on level 2 of the Dungeon.
             The game lasted 00:06:17 (953 turns).

EggBaby the Magician (Mummy Wizard)                  Turns: 953, Time: 00:06:18

Health: 0/25       AC:  2    Str: 10    XL:     3   Next: 14%
Magic:  1/9        EV: 12    Int: 18    God:
Gold:   103        SH:  0    Dex: 10    Spells: 8/11 levels left

rFire    x . .     SeeInvis .   f - +0 club
rCold    + . .     Gourm    .   (no shield)
rNeg     + + +     Faith    .   a - +0 robe
rPois    ∞         Spirit   .   b - +0 hat
rElec    .         Reflect  .   (no cloak)
rCorr    .         Harm     .   (no gloves)
MR       .....                  (no boots)
Stlth    ++........             (no amulet)
HPRegen  0.08/turn              (no ring)
MPRegen  0.11/turn              (no ring)

@: no status effects
A: no food or potions, fire vulnerability, cold resistance 1, negative energy
resistance 3, torment resistance, unbreathing
a: no special abilities


You were on level 2 of the Dungeon.
You were not hungry.

You visited 1 branch of the dungeon, and saw 2 of its levels.

You collected 103 gold pieces.

Inventory:

Hand Weapons
 f - a +0 club (weapon)
Missiles
 g - 16 arrows
Armour
 a - a +0 robe (worn)
 b - a +0 hat (worn)
Scrolls
 e - a scroll of amnesia
 h - a scroll of teleportation
 i - a scroll of noise {unknown}
Books
 c - a book of Minor Magic

   Spells                             Type                      Level
   a - Magic Dart                     Conjuration                  1
   b - Blink                          Translocation                2
   c - Call Imp                       Summoning                    2
   d - Slow                           Hexes                        2
   e - Conjure Flame                  Conjuration/Fire             3
   f - Mephitic Cloud                 Conjuration/Poison/Air       3


   Skills:
 * Level 0.8 Fighting
 * Level 0.7 Maces & Flails
 - Level 1.5 Dodging
 * Level 1.8 Stealth
 + Level 4.7 Spellcasting
 * Level 1.0 Conjurations
 + Level 0.7 Summonings
   Level 0.7 Translocations


You had 8 spell levels left.
You knew the following spells:

 Your Spells              Type           Power        Failure   Level  Hunger
a - Magic Dart            Conj           #...         9%          1    N/A
b - Call Imp              Summ           #.......     16%         2    N/A

Dungeon Overview and Level Annotations

Branches:
Dungeon (2/15)

Altars:


Innate Abilities, Weirdness & Mutations

You do not eat or drink.
Your flesh is vulnerable to fire.
You are immune to poison.
Your flesh is cold resistant. (rC+)
You are immune to negative energy. (rN+++)
You are immune to unholy pain and torment.
You can survive without breathing.


Message History

You don't have enough magic to cast that spell.
You closely miss the adder.
The adder is lightly wounded.
The adder misses you.
You hit the adder but do no damage.
The adder is lightly wounded.
The adder barely misses you. x2
You hit the adder.
The adder is heavily wounded.
The adder bites you but does no damage. The adder barely misses you.
You miss the adder.
The adder is heavily wounded.
The adder bites you but does no damage.
You barely miss the adder.
The adder is heavily wounded.
The adder closely misses you. The adder misses you.
You hit the adder.
The adder is severely wounded.
The adder bites you.
You die...

#..####.# #.....#.#
#.###.#.# # #.###.#.#
##.###### #.##....#.
.......%#######.#.....#.
#.............<........
....###.#######.#.....##
# #.@.# #.##....#
###.S.### #....<..#
#.......# #..##.###
#...$...# #......#
#.......# ##.##..#
.........†## #.##..#
######..!.# #..# .....#
#... ###.#.. ..##


You could see an adder.

Vanquished Creatures
  An ooze (D:1)
  2 dart slugs (D:1)
  2 goblins (D:1)
  A hobgoblin (D:1)
  A ball python (D:1)
  4 bats (D:1)
  2 frilled lizards
  A kobold (D:1)
  8 rats
  A fungus (D:1)
23 creatures vanquished.

Vanquished Creatures (collateral kills)
  An adder (D:2)
  A giant cockroach (D:2)
  A quokka (D:2)
3 creatures vanquished.

Grand Total: 26 creatures vanquished

Notes
Turn   | Place    | Note
-------+----------+-------------------------------------------
     0 | D:1      | EggBaby the Mummy Wizard began the quest for the Orb.
     0 | D:1      | Reached XP level 1. HP: 13/13 MP: 5/5
   179 | D:1      | Reached XP level 2. HP: 11/20 MP: 1/7
   502 | D:1      | Reached skill level 1 in Conjurations
   512 | D:1      | Learned a level 2 spell: Call Imp
   901 | D:2      | Reached XP level 3. HP: 5/25 MP: 2/9
   953 | D:2      | Slain by an adder

Skill      XL: |  1  2 |
---------------+-------+-----
Conjurations   | 1 |  1.0
Fighting       | |  0.8
Maces & Flails | |  0.7
Dodging        | |  1.5
Stealth        | |  1.8
Spellcasting   | |  4.7
Summonings     | |  0.7
Translocations | |  0.7

Action                   || total
-------------------------++-------
Melee: Unarmed           ||    19
       Club              ||    76
 Cast: Magic Dart        ||    23
       Call Imp          ||     3
  Use: Scroll            ||     2
 Stab: Sleeping          ||     1
Armor: Robe              ||    14
Dodge: Dodged            ||    54
